 Dungeon Sprint DCSS version 0.29-a0-219-g0a02b1cf4f (webtiles) character file.

Game seed: 8818110339858061922

11928 mhtbhm the Severer (level 11, -3/120 HPs)
             Began as a Deep Dwarf Berserker on Feb 25, 2022.
             Was a High Priest of Trog.
             Slain by a black mamba (10 damage)
             ... in the Dungeon (Sprint III: "The Ten Rune Challenge").
             The game lasted 00:07:02 (2908 turns).

mhtbhm the Severer (Deep Dwarf Berserker)           Turns: 2908, Time: 00:07:03

Health: -3/120     AC: 14    Str: 25    XL:     11   Next: 55%
Magic:  6/6        EV: 12    Int:  8    God:    Trog [*****.]
Gold:   1977       SH:  0    Dex: 12    Spells: 10/10 levels left

rFire   . . .      SeeInvis .   a - +1 executioner's axe (venom)
rCold   . . .      Faith    .   (shield currently unavailable)
rNeg    . . .      Spirit   .   b - +0 chain mail
rPois   .          Reflect  .   (no helmet)
rElec   .          Harm     .   j - +0 cloak
rCorr   .          Rampage  .   (no gloves)
Will    +....      NoTele   +   (no boots)
Stlth   ++........              (no amulet)
HPRegen 0.00/turn               (no ring)
MPRegen 0.10/turn               (no ring)

@: lethally poisoned (-3 -> -3), on berserk cooldown, slowed, very slow
A: damage resistance, heal wounds, sense surroundings 2, no regeneration
a: Heal Wounds, Renounce Religion, Berserk, Trog's Hand, Brothers in Arms


You were in the Dungeon.
You worshipped Trog.
Trog was extremely pleased with you.
You visited 1 branch You collected 1977 gold pieces.

Inventory:

Hand Weapons
 a - a +1 executioner's axe of venom (weapon)
 m - a +4 vorpal war axe
Missiles
 c - 6 javelins
Armour
 b - a +0 chain mail (worn)
 j - a +0 cloak (worn)
Wands
 l - a wand of polymorph (9)
Scrolls
 i - a scroll of identify {unknown}
Potions
 d - 2 potions of heal wounds
 e - a potion of haste
 f - 2 potions of magic
 g - a potion of berserk rage
Miscellaneous
 k - a piece from Xom's chessboard (15/15)


   Skills:
 + Level 14.0 Fighting
 + Level 20.1 Axes
 + Level 13.5 Armour
 + Level 8.4 Dodging
 + Level 12.2 Stealth
 + Level 3.4 Evocations


You had 10 spell levels left.
You didn't know any spells.
Your spell library was empty.

Dungeon Overview and Level Annotations

Branches:
Dungeon (1/1)

Altars:
Cheibriados
Dithmenos
Elyvilon
Fedhas
Gozag
Hepliaklqana
Kikubaaqudgha
Makhleb
Nemelex Xobeh
Okawaru
Qazlal
Ru
Sif Muna
Trog
Uskayaw
Vehumet
Wu Jian
Xom
Yredelemnul
Zin
The Shining One
Beogh
Jiyva
Lugonu

Shops:
D (


Innate Abilities, Weirdness & Mutations

You are resistant to damage.
You can heal yourself by infusing magical energy.
You passively map the area around you.
You do not regenerate.


Message History

You closely miss the blink frog.
The blink frog is almost dead.
The blink frog hits you but does no damage.
You slice the blink frog!!
You kill the blink frog!
Trog accepts your kill.
Unknown command.
A black mamba comes into view.
The black mamba hisses angrily.
A black mamba comes into view.
You see here a death yak corpse.
You feel a strong urge to attack something.
You are no longer berserk.
You are exhausted.
You feel yourself slow down.
Things that are here:
a death yak corpse; a death yak corpse The black mamba bites you!
* * * LOW HITPOINT WARNING * * *
You are poisoned.
The black mamba poisons you! The black mamba bites you.
* * * LOW HITPOINT WARNING * * *
You see here a +4 broad axe.
You barely miss the black mamba. The black mamba bites you. x2
* * * LOW HITPOINT WARNING * * *
The black mamba bites you but does no damage.
The black mamba hisses angrily.
You slice the black mamba like a ripe choko!!!
You kill the black mamba!
Trog accepts your kill.
Your Fighting skill increases to level 14!
Unknown command.
Blink to where?
Press: ? - help, Dir - move target
As you read the scroll of blinking, it crumbles to dust.
Your iron troll goes berserk!
The black mamba bites you!
* * * LOW HITPOINT WARNING * * *
The black mamba bites you!
You die...

▓▓▓▓▓▓▓▓▓▓▓▓▓▓▓▓▓▓▓▓▓▓▓▓▓▓▓▓▓▓▓▓▓
,,+≈≈≈≈≈≈≈≈≈♣♣.....♣♣♣♣≈≈≈.....
,,#≈§§§§§≈≈†♣♣.≈≈≈≈'♣♣'♣≈≈≈≈≈≈≈ *
#≈≈§§§≈§≈≈.†)....#°°♣♣♣♣♣♣♣♣♣ ,
#≈≈§§§§§≈≈♣♣♣♣♣♣♣#°°♣♣
#≈≈≈§§≈.≈≈♣ ###'♣♣♣♣♣ * *
#+####'#######♣ ♣♣♣♣.##..##
.........[.)...♣♣ ♣...##.##.#≈
*#+#############@♣ ♣♣.##.##)##+ ,
#≈P.....†§.ST♣ ♣..#.##...# ,
+≈≈.††######## ♣♣.##.##..#
,..#≈≈≈.......SS,, ♣♣.##.# ###
,..#≈≈≈≈...PP..., ♣.....# * #
###########+#* ####### * *, ,
,,,, * * * , * ,,, , * ,, , * * *
* , ≈


You could see a black mamba (ally target) and a friendly iron troll (summoned,
berserk).

Vanquished Creatures
  Rupert (D)
  Erolcha (D)
  4 death yaks (D)
  Urug (D)
  A lindwurm (D)
  A deep elf pyromancer (D)
  A black mamba (D)
  2 cane toads (D)
  A rime drake (D)
  A komodo dragon (D)
  2 tyrant leeches (D)
  8 blink frogs (D)
  A shadow (D)
  5 redbacks (D)
  A spatial vortex (D)
  A swamp drake (D)
  A necrophage (D)
  5 two-headed ogres (D)
  A water elemental (D)
  A ballistomycete (D)
  2 wandering mushrooms (D)
  2 orc priests (D)
  A jelly (D)
  Crazy Yiuf (D)
  A wizard (D)
  A necromancer (D)
  An orc wizard (D)
  A kobold demonologist (D)
  3 humans (D)
  3 orcs (D)
  An endoplasm (D)
  3 rats (D)
  A ballistomycete spore (D)
61 creatures vanquished.

Vanquished Creatures (collateral kills)
  An orc sorcerer (D)
  An orc warrior (D)
  2 orc wizards (D)
  7 orcs (D)
11 creatures vanquished.

Vanquished Creatures (others)
  An orc (D)
  8 ballistomycete spores (D)
  3 plants (D)
12 creatures vanquished.

Grand Total: 84 creatures vanquished

Notes
Turn   | Place    | Note
-------+----------+-------------------------------------------
     0 | D        | mhtbhm the Deep Dwarf Berserker began the quest for the
                  | Orb.
     0 | D        | Reached XP level 1. HP: 20/20 MP: 1/1
    72 | D        | Reached ** piety under Trog
   104 | D        | Reached skill level 4 in Axes
   104 | D        | Reached skill level 1 in Stealth
   104 | D        | Reached XP level 2. HP: 18/30 MP: 2/2
   234 | D        | Noticed Crazy Yiuf
   248 | D        | Killed Crazy Yiuf
   249 | D        | Reached skill level 5 in Axes
   249 | D        | Reached XP level 3. HP: 31/37 MP: 3/3
   352 | D        | Noticed a water elemental
   357 | D        | Killed a water elemental
   358 | D        | Reached skill level 5 in Fighting
   358 | D        | Reached skill level 6 in Axes
   358 | D        | Reached XP level 4. HP: 35/46 MP: 4/4
   421 | D        | Found a basalt altar of Yredelemnul.
   421 | D        | Found a shadowy altar of Dithmenos.
   421 | D        | Found a sacrificial altar of Ru.
   421 | D        | Noticed a necrophage
   427 | D        | Reached *** piety under Trog
   428 | D        | Reached skill level 7 in Axes
   435 | D        | Killed a necrophage
   436 | D        | Reached skill level 8 in Axes
   436 | D        | Reached skill level 5 in Stealth
   436 | D        | Reached XP level 5. HP: 37/56 MP: 5/5
   519 | D        | Found a hide-covered altar of Uskayaw.
   519 | D        | Found an iron altar of Okawaru.
   519 | D        | Found a bloodstained altar of Trog.
   519 | D        | Found an ornate altar of the Wu Jian Council.
   519 | D        | Noticed a human
   520 | D        | Noticed a human
   532 | D        | Killed a human
   533 | D        | Reached skill level 9 in Axes
   533 | D        | Reached skill level 5 in Dodging
   533 | D        | Reached XP level 6. HP: 67/67 MP: 5/5
   535 | D        | Killed a human
   536 | D        | Reached skill level 10 in Axes
   598 | D        | Found a radiant altar of Vehumet.
   598 | D        | Found a shimmering blue altar of Sif Muna.
   598 | D        | Found an ancient bone altar of Kikubaaqudgha.
   602 | D        | Reached **** piety under Trog
   603 | D        | Reached XP level 7. HP: 72/74 MP: 6/6
   685 | D        | Found a glowing silver altar of Zin.
   685 | D        | Found a glowing golden altar of the Shining One.
   685 | D        | Found a white marble altar of Elyvilon.
   686 | D        | Noticed a deep elf pyromancer
   693 | D        | Killed a deep elf pyromancer
   693 | D        | Reached ***** piety under Trog
   694 | D        | Reached skill level 12 in Axes
   694 | D        | Reached skill level 5 in Armour
   782 | D        | Noticed a shadow
   787 | D        | Killed a shadow
   788 | D        | Reached XP level 8. HP: 60/85 MP: 7/7
   827 | D        | Found a blossoming altar of Fedhas.
   827 | D        | Found a stormy altar of Qazlal.
   827 | D        | Found a snail-covered altar of Cheibriados.
   827 | D        | Found a burning altar of Makhleb.
   827 | D        | Found a shimmering altar of Xom.
   828 | D        | Found a hazy altar of Hepliaklqana.
   828 | D        | Found an opulent altar of Gozag.
   828 | D        | Found a sparkling altar of Nemelex Xobeh.
   828 | D        | Found a corrupted altar of Lugonu.
   828 | D        | Found a viscous altar of Jiyva.
   905 | D        | Reached skill level 13 in Axes
  1074 | D        | Noticed a two-headed ogre
  1090 | D        | Killed a two-headed ogre
  1091 | D        | Reached skill level 10 in Fighting
  1146 | D        | Noticed a two-headed ogre
  1146 | D        | Noticed Erolcha
  1156 | D        | Killed a two-headed ogre
  1156 | D        | Received a gift from Trog
  1157 | D        | Reached skill level 14 in Axes
  1157 | D        | Reached skill level 10 in Stealth
  1157 | D        | Gained mutation: You passively map the area around you.
                  | [Deep Dwarf growth]
  1157 | D        | Reached XP level 9. HP: 90/94 MP: 7/7
  1165 | D        | Killed Erolcha
  1166 | D        | Reached skill level 15 in Axes
  1173 | D        | Reached skill level 1 in Evocations
  1215 | D        | Noticed a wandering mushroom
  1249 | D        | Found Buebb's Antique Weapon Emporium.
  1253 | D        | Noticed an orc sorcerer
  1259 | D        | Killed an orc sorcerer
  1261 | D        | Received a gift from Trog
  1261 | D        | Reached ****** piety under Trog
  1264 | D        | Received a gift from Trog
  1410 | D        | a wandering mushroom changed into a ballistomycete
  1423 | D        | Noticed a wandering mushroom
  1445 | D        | Noticed a wandering mushroom
  1651 | D        | Noticed a cane toad
  1651 | D        | Noticed a komodo dragon
  1651 | D        | Noticed a cane toad
  1655 | D        | Killed a cane toad
  1656 | D        | Reached skill level 16 in Axes
  1656 | D        | Reached XP level 10. HP: 106/106 MP: 7/7
  1658 | D        | Killed a cane toad
  1750 | D        | Received a gift from Trog
  1900 | D        | Reached skill level 10 in Armour
  2059 | D        | Reached skill level 17 in Axes
  2206 | D        | Noticed a lindwurm
  2214 | D        | Killed a lindwurm
  2316 | D        | Noticed Urug
  2322 | D        | Killed Urug
  2553 | D        | Received a gift from Trog
  2554 | D        | Reached skill level 18 in Axes
  2653 | D        | Noticed Rupert
  2661 | D        | Killed Rupert
  2662 | D        | Reached XP level 11. HP: 117/117 MP: 6/6
  2705 | D        | Noticed a death yak
  2706 | D        | Noticed a death yak
  2718 | D        | Killed a death yak
  2719 | D        | Reached skill level 19 in Axes
  2726 | D        | Killed a death yak
  2726 | D        | Received a gift from Trog
  2883 | D        | Noticed an azure jelly
  2883 | D        | Noticed a death yak
  2883 | D        | Noticed an azure jelly
  2883 | D        | Noticed a death yak
  2892 | D        | Killed a death yak
  2896 | D        | Killed a death yak
  2897 | D        | Reached skill level 20 in Axes
  2908 | D        | Slain by a black mamba

Illustrated notes

Levels and vault maps discovered:
D:        dungeon_sprint_mu [sprint_mu_entry_forest, sprint_mu_temple_rooms,
          sprint_mu_d1_spiders, sprint_mu_d2_genie, sprint_mu_d3_branching,
          sprint_mu_orc_legion, sprint_mu_elf_gauntlet, sprint_mu_hive_nellie,
          sprint_mu_lair_fedhas, sprint_mu_vaults_butterflies,
          sprint_mu_slime_circle, sprint_mu_shoals_archi,
          sprint_mu_snake_twists, sprint_mu_blade_basic, sprint_mu_crypt_lich,
          sprint_mu_tomb_spiral, sprint_mu_vestibule_basic,
          sprint_mu_gehenna_hellfire, sprint_mu_dis_giant,
          sprint_mu_tartarus_statrot, sprint_mu_cocytus_islands, sprint_mu_zot1]

Skill      XL: |  1  2  3  4  5  6  7  8  9 10 11 |
---------------+----------------------------------+-----
Fighting       | 4 5 6 7 8 9 10 11 13 14 | 14.0
Axes           | 4 5 6 8 9 10 12 14 16 18 20 | 20.1
Stealth        | 1 2 3 5 6 7 8 10 11 12 | 12.2
Armour         | 3 4 5 6 9 12 13 | 13.5
Dodging        | 3 4 5 6 7 8 |  8.4
Evocations     | 1 2 3 |  3.4

Action                   |  1- 3 |  4- 6 |  7- 9 | 10-12 || total
-------------------------+-------+-------+-------+-------++-------
Melee: Hand axe          |    27 |    29 |    73 |       ||   129
       Battleaxe         |       |       |    18 |    62 ||    80
       Punch             |       |       |     1 |       ||     1
       Executioner's axe |       |       |       |    39 ||    39
Invok: Berserk           |     3 |     3 |     7 |     7 ||    20
       Brothers in Arms  |       |       |     1 |     2 ||     3
 Abil: Heal Wounds       |     1 |     2 |     7 |    10 ||    20
Evoke: Piece from Xom's  |       |       |     1 |     2 ||     3
       Wand              |       |       |     2 |       ||     2
  Use: Potion            |       |       |     1 |       ||     1
       Scroll            |       |       |       |     1 ||     1
 Stab: Sleeping          |     2 |       |       |     3 ||     5
       Invisible         |     2 |       |       |       ||     2
Armor: Animal skin       |     1 |     3 |       |       ||     4
       Chain mail        |       |     1 |    13 |    30 ||    44
Dodge: Dodged            |     7 |    13 |    38 |    28 ||    86

Table legend: (Time is in decaauts)
 A = Elapsed time spent in this place.
 B = Non-inter-level travel time spent in this place.
 C = Inter-level travel time spent in this place.
 D = Time resting spent in this place.
 E = Time spent auto-exploring this place.
 F = Levels seen in this place.
 G = Mean time per level.
                   A        B        C        D        E       F      G
               +--------+--------+--------+--------+--------+-----+--------+
         Total |   3047 |   3047 |      0 |   2148 |      1 |   1 | 3047.0 |
       Dungeon |   3047 |   3047 |      0 |   2148 |      1 |   1 | 3047.0 |
               +--------+--------+--------+--------+--------+-----+--------+

Top non-repeatable levels by time:
       D: 3047 daAuts
